 Dungeon Crawl Stone Soup version 0.26.1-11-gd32895ea62 (webtiles) character file.

Game seed: 1488795517980954985

1163 bigjeff5 the Insei (level 8, -1/60 HPs)
             Began as a Gnoll Transmuter on July 8, 2021.
             Slain by a gnoll sergeant
             ... wielding a +4 vampiric spear
              (2 damage)
             ... on level 5 of the Dungeon on July 9, 2021.
             The game lasted 00:57:53 (4876 turns).

bigjeff5 the Insei (Gnoll Transmuter)               Turns: 4876, Time: 00:57:54

Health: -1/60      AC:  7    Str: 14    XL:     8   Next: 40%
Magic:  17/17      EV: 14    Int: 16    God:
Gold:   251        SH:  0    Dex: 16    Spells: 18/19 levels left

rFire    + . .     SeeInvis .     - Unarmed
rCold    + . .     Faith    .   (no shield)
rNeg     . . .     Spirit   .   w - +0 ring mail
rPois    .         Reflect  .   s - +0 hat
rElec    .         Harm     .   j - scarf {rC+ rF+}
rCorr    .         Rampage  .   x - +1 pair of gloves
Will     .....     Rnd*Tele +   (no boots)
Stlth    +.........             (no amulet)
HPRegen  0.20/turn              i - ring of teleportation (curse)
MPRegen  0.15/turn              C - ring of attention (curse)

@: no status effects
A: distributed training, fangs 1, strong nose
a: no special abilities


You were on level 5 of the Dungeon.
You visited 1 branch of the dungeon, and saw 5 of its levels.

You collected 251 gold pieces.

Inventory:

Hand Weapons
 c - a +1 antimagic dagger
 t - a +5 spectral club
Missiles
 h - 176 stones
 n - 2 boomerangs
 o - 25 poisoned darts
 y - 3 javelins (quivered)
Armour
 a - a +0 robe
 j - a scarf of resistance (worn)
 l - a +0 scale mail
 s - a +0 hat (worn)
 w - a +0 ring mail (worn)
 x - a +1 pair of gloves (worn)
Jewellery
 i - a cursed ring of teleportation (left hand)
 z - an uncursed ring of protection from fire
 C - a cursed ring of attention (right hand)
Wands
 m - a wand of digging (1)
 u - a wand of random effects (11)
 v - a wand of flame (18)
Scrolls
 b - 2 scrolls of noise {unknown}
 e - 2 scrolls of remove curse {unknown}
 f - 9 scrolls of identify {unknown}
 g - a scroll of fear {unknown}
 k - 3 scrolls of enchant weapon {unknown}
 p - a scroll of enchant armour {unknown}
 q - 2 scrolls of teleportation {unknown}
 A - a scroll of magic mapping {unknown}
 D - a scroll of blinking {unknown}
 F - a scroll of fog {unknown}
Potions
 d - 2 potions of heal wounds {unknown}
 r - a potion of resistance {unknown}
 B - a potion of attraction {unknown}
 E - 2 potions of curing {unknown}


   Skills:
 + Level 4.2 Fighting
 + Level 3.2 Short Blades
 + Level 3.2 Long Blades
 + Level 3.2 Axes
 + Level 3.2 Maces & Flails
 + Level 3.2 Polearms
 + Level 3.2 Staves
 + Level 3.2 Slings
 + Level 3.2 Bows
 + Level 3.2 Crossbows
 + Level 3.2 Throwing
 + Level 3.2 Armour
 + Level 5.6 Dodging
 + Level 3.2 Stealth
 + Level 3.2 Shields
 + Level 7.3 Unarmed Combat
 + Level 6.0 Spellcasting
 + Level 2.6 Conjurations
 + Level 2.6 Hexes
 + Level 2.6 Summonings
 + Level 2.6 Necromancy
 + Level 2.6 Translocations
 + Level 4.6 Transmutations
 + Level 2.6 Fire Magic
 + Level 2.6 Ice Magic
 + Level 2.6 Air Magic
 + Level 2.6 Earth Magic
 + Level 2.6 Poison Magic
 + Level 3.5 Invocations
 + Level 3.2 Evocations


You had 18 spell levels left.
You knew the following spells:

 Your Spells              Type           Power        Failure   Level
a - Beastly Appendage     Tmut           38%          4%          1

Your spell library contained the following spells:

 Spells                   Type           Power        Failure   Level
 Wereblood                Tmut           19%          6%          2
 Spider Form              Tmut/Pois      8%           19%         3
 Ice Form                 Ice/Tmut       16%          52%         4
 Blade Hands              Tmut           9%           73%         5


Dungeon Overview and Level Annotations

Branches:
Dungeon (5/15)
 Temple: D:4-7

Altars:
Fedhas
Gozag
Nemelex Xobeh
Trog
Wu Jian
Zin


Innate Abilities, Weirdness & Mutations

Your experience applies equally to all skills.
You have very sharp teeth.
Your uncanny sense of smell can sniff out nearby items.


Message History

The gnoll sergeant hits you with a +4 vampiric spear!
* * * LOW HITPOINT WARNING * * *
You hit the gnoll sergeant but do no damage.
Your bite misses the gnoll sergeant.
The gnoll sergeant hits you but does no damage.
A gnoll comes into view. It is wielding a +0 halberd.
The gnoll shouts!
You hit the gnoll sergeant but do no damage.
You bite the gnoll sergeant, but do no damage.
The gnoll sergeant hits you with a +4 vampiric spear.
* * * LOW HITPOINT WARNING * * *
You completely miss the gnoll sergeant.
The gnoll sergeant hits you with a +4 vampiric spear!
* * * LOW HITPOINT WARNING * * *
You barely miss the gnoll sergeant.
The gnoll sergeant hits you with a +4 vampiric spear.
* * * LOW HITPOINT WARNING * * *
You hit the gnoll sergeant but do no damage.
The gnoll sergeant hits you with a +4 vampiric spear.
You die...

#......#'###
######...[###
..#......'..
#.#.#....###
#.#.#....# #
#.#.#.#'## # ###
#.#.....# #
#.###.##.###.### #
#.@ggg#....#'######
#)#####..#.........
###.#####..#.........
#..........#.........
#########..##........
#....#...........
#####.#.#...........
#.....#.#._..._.####
#.###.#..........#


You could see a gnoll sergeant and 2 gnolls.

Vanquished Creatures
  Grinder (D:3)
  2 ogres
  2 scorpions (D:4)
  A centaur zombie (D:5)
  2 jellies
  An orc priest (D:4)
  2 hounds (D:5)
  A bullfrog skeleton (D:5)
  3 orc wizards
  A centaur skeleton (D:4)
  An iguana (D:5)
  3 worker ants
  A hound zombie (D:5)
  A hound skeleton (D:5)
  Robin (D:3)
  2 gnolls (D:5)
  9 adders
  A howler monkey skeleton (D:4)
  A shadow imp (D:5)
  A white imp (D:5)
  An ufetubus (D:5)
  3 worms
  A dart slug (D:1)
  4 leopard geckos
  10 orcs
  4 bats
  2 giant cockroaches
  20 goblins
  7 hobgoblins
  3 jackals (D:3)
  9 kobolds
  2 quokkas (D:5)
  5 frilled lizards
  A leopard gecko skeleton (D:5)
  2 quokka zombies (D:5)
  7 rats
118 creatures vanquished.

Vanquished Creatures (others)
  A plant (D:2)
1 creature vanquished.

Grand Total: 119 creatures vanquished

Notes
Turn   | Place    | Note
-------+----------+-------------------------------------------
     0 | D:1      | bigjeff5 the Gnoll Transmuter began the quest for the Orb.
     0 | D:1      | Reached XP level 1. HP: 17/17 MP: 6/6
    77 | D:1      | Reached XP level 2. HP: 23/23 MP: 7/7
   725 | D:2      | Reached XP level 3. HP: 27/28 MP: 7/9
   784 | D:2      | Reached skill level 5 in Spellcasting
  1011 | D:2      | Reached skill level 1 in Invocations
  1426 | D:3      | Reached skill level 1 in Short Blades
  1426 | D:3      | Reached skill level 1 in Long Blades
  1426 | D:3      | Reached skill level 1 in Axes
  1426 | D:3      | Reached skill level 1 in Maces & Flails
  1426 | D:3      | Reached skill level 1 in Polearms
  1426 | D:3      | Reached skill level 1 in Staves
  1426 | D:3      | Reached skill level 1 in Slings
  1426 | D:3      | Reached skill level 1 in Bows
  1426 | D:3      | Reached skill level 1 in Crossbows
  1426 | D:3      | Reached skill level 1 in Throwing
  1426 | D:3      | Reached skill level 1 in Armour
  1426 | D:3      | Reached skill level 1 in Stealth
  1426 | D:3      | Reached skill level 1 in Shields
  1426 | D:3      | Reached skill level 1 in Evocations
  1474 | D:3      | Reached XP level 4. HP: 25/34 MP: 9/11
  1816 | D:3      | Reached skill level 1 in Conjurations
  1816 | D:3      | Reached skill level 1 in Hexes
  1816 | D:3      | Reached skill level 1 in Summonings
  1816 | D:3      | Reached skill level 1 in Necromancy
  1816 | D:3      | Reached skill level 1 in Translocations
  1816 | D:3      | Reached skill level 1 in Fire Magic
  1816 | D:3      | Reached skill level 1 in Ice Magic
  1816 | D:3      | Reached skill level 1 in Air Magic
  1816 | D:3      | Reached skill level 1 in Earth Magic
  1816 | D:3      | Reached skill level 1 in Poison Magic
  1867 | D:3      | Found a glowing silver altar of Zin.
  1899 | D:3      | Noticed Grinder
  1940 | D:3      | Killed Grinder
  1941 | D:3      | Reached XP level 5. HP: 27/41 MP: 12/12
  1941 | D:3      | Reached XP level 6. HP: 31/47 MP: 14/14
  2112 | D:3      | Reached skill level 5 in Dodging
  2616 | D:3      | Noticed Robin
  2622 | D:3      | Killed Robin
  2889 | D:3      | Found an opulent altar of Gozag.
  3054 | D:4      | Reached skill level 7 in Unarmed Combat
  3054 | D:4      | Reached XP level 7. HP: 52/52 MP: 13/15
  3768 | D:5      | Entered Level 5 of the Dungeon
  3990 | D:5      | Reached XP level 8. HP: 46/60 MP: 16/16
  4090 | D:5      | Found a blossoming altar of Fedhas.
  4104 | D:5      | Found a sparkling altar of Nemelex Xobeh.
  4203 | D:5      | Found an ornate altar of the Wu Jian Council.
  4203 | D:5      | Found a bloodstained altar of Trog.
  4875 | D:5      | HP: 1/60 [gnoll sergeant/+4 vampiric spear (3)]
  4876 | D:5      | Slain by a gnoll sergeant

Illustrated notes

Levels and vault maps discovered:
D:1:      onia_arrival_mini_maze, layout_rooms, corexii_item_surrounded_by_moat,
          wander_ebering_terrifying_dragon_lair
D:2:      layout_rooms, kennysheep_boxes
D:3:      kennysheep_goblin_castle, layout_loops_corners,
          pdpol_temple_overflow_zin_treasury_gozag_greed, uniq_grinder
D:4:      layout_basic
D:5:      kb_forest_paths, layout_basic, grunt_temple_overflow_open

Skill      XL: |  1  2  3  4  5  6  7  8 |
---------------+-------------------------+-----
Spellcasting   | 5 6 |  6.0
Invocations    | 1 2 3 |  3.5
Short Blades   | 1 2 3 |  3.2
Long Blades    | 1 2 3 |  3.2
Axes           | 1 2 3 |  3.2
Maces & Flails | 1 2 3 |  3.2
Polearms       | 1 2 3 |  3.2
Staves         | 1 2 3 |  3.2
Slings         | 1 2 3 |  3.2
Bows           | 1 2 3 |  3.2
Crossbows      | 1 2 3 |  3.2
Throwing       | 1 2 3 |  3.2
Armour         | 1 2 3 |  3.2
Stealth        | 1 2 3 |  3.2
Shields        | 1 2 3 |  3.2
Evocations     | 1 2 3 |  3.2
Conjurations   | 1 2 |  2.6
Hexes          | 1 2 |  2.6
Summonings     | 1 2 |  2.6
Necromancy     | 1 2 |  2.6
Translocations | 1 2 |  2.6
Fire Magic     | 1 2 |  2.6
Ice Magic      | 1 2 |  2.6
Air Magic      | 1 2 |  2.6
Earth Magic    | 1 2 |  2.6
Poison Magic   | 1 2 |  2.6
Fighting       | 3 4 |  4.2
Transmutations | 4 |  4.6
Dodging        | 5 |  5.6
Unarmed Combat | 7 |  7.3

Action                   |  1- 3 |  4- 6 |  7- 9 || total
-------------------------+-------+-------+-------++-------
Melee: Unarmed           |    68 |    78 |   167 ||   313
       Kick              |    15 |    16 |    36 ||    67
       Punch             |     2 |     2 |     6 ||    10
       Bite              |     4 |     4 |    15 ||    23
       Headbutt          |     1 |    12 |    21 ||    34
Throw: Javelin           |     1 |    19 |     4 ||    24
       Stone             |       |     1 |       ||     1
 Cast: Beastly Appendage |    17 |    20 |    23 ||    60
 Stab: Sleeping          |       |       |     2 ||     2
Armor: Robe              |     1 |       |       ||     1
       Ring mail         |       |    17 |    39 ||    56
Dodge: Dodged            |    46 |    51 |    99 ||   196
